 Dungeon Crawl Stone Soup version 0.30.1-11-g7821555f0a (webtiles) character file.

Game seed: 3617461348559800249

2248 Destapler the Slasher (level 9, -4/103 HPs)
             Began as a Demonspawn Wanderer on Dec 12, 2023.
             Slain by a vampire (6 damage)
             ... on level 7 of the Dungeon on Dec 16, 2023.
             The game lasted 00:29:59 (6886 turns).

Destapler the Slasher (Demonspawn Wanderer)         Turns: 6886, Time: 00:29:59

Health: -4/103     AC: 24    Str: 15    XL:     9   Next: 15%
Magic:  15/15      EV:  2    Int: 20    God:
Gold:   346        SH:  0    Dex:  8    Spells: 15/16 levels left

rFire   . . .        a - +2 falchion
rCold   . . .        (no shield)
rNeg    . . .        e - melded +0 robe
rPois   +            (helmet currently unavailable)
rElec   .            g - melded +1 cloak
rCorr   .            (gloves currently unavailable)
SInv    .            (boots currently unavailable)
Will    .....        (no amulet)
Stlth   ++           (no ring)
HPRegen 0.37/turn    (no ring)
MPRegen 0.14/turn

%: no passive effects
@: tree-form
A: stationary, stasis, torment immunity, boosted hp, (hooves 2), (large bone
plates 2), powered by death 1, powered by pain 1, (heat vulnerability 1)
a: no special abilities


You were on level 7 of the Dungeon.
You were a tree.
You visited 1 branch of the dungeon, and saw 7 of its levels.

You collected 346 gold pieces.

Inventory:

Hand Weapons
 a - a +2 falchion (weapon)
Missiles
 b - 22 poisoned darts
Armour
 e - a +0 robe (melded)
 g - a +1 cloak (melded)
 i - a +0 hat
Wands
 j - a wand of paralysis (13)
Scrolls
 d - a scroll of vulnerability
 f - 3 scrolls of enchant armour
 l - a scroll of silence
 q - a scroll of brand weapon
Potions
 c - 3 potions of flight
 h - a potion of heal wounds {unknown}
 k - a potion of brilliance
 m - a potion of magic {unknown}


   Skills:
 - Level 6.0 Fighting
 - Level 6.0 Long Blades
 - Level 1.0 Throwing
 - Level 2.0 Armour
 + Level 5.8 Dodging
 - Level 2.0 Stealth
 - Level 4.0 Spellcasting
 - Level 4.0 Hexes


You had 15 spell levels left.
You knew the following spells:

 Your Spells              Type           Power      Damage    Failure   Level
a - Slow                  Hex            80%        N/A       2%          1

Your spell library contained the following spells:

 Spells                   Type           Power      Damage    Failure   Level
 Confusing Touch          Hex            20%        N/A       8%          3
 Summon Small Mammal      Summ           16%        N/A       13%         1
 Summon Guardian Golem    Hex/Summ       12%        N/A       17%         3
 Cigotuvi's Dreadful Rot  Necr/Pois/Air  8%         N/A       19%         2
 Sublimation of Blood     Necr           4%         N/A       19%         2
 Wereblood                Tmut           4%         N/A       19%         2
 Call Canine Familiar     Summ           4%         N/A       36%         3
 Ozocubu's Armour         Ice            4%         N/A       36%         3
 Dispel Undead            Necr           4%         3d7       77%         4
 Death Channel            Necr           2%         N/A       100%        6
 Ozocubu's Refrigeration  Ice            2%         4d7       100%        7
 Summon Hydra             Summ           2%         N/A       100%        7


Dungeon Overview and Level Annotations

Branches:
Dungeon (7/15)
 Temple: D:4-7

Altars:
Fedhas
Qazlal
Uskayaw

Shops:
D:3 :   D:7 *


Innate Abilities, Weirdness & Mutations

You are a tree.
Your roots penetrate the ground, keeping you stationary.
You cannot be teleported.
You are immune to unholy pain and torment.
Your maximum health is greatly increased.
Your equipment is partially melded.
((You have hoof-like feet.))
((You are mostly covered in large bone plates. (SH +6)))
You regenerate a little health from kills.
You sometimes gain a little power by taking damage.
((You are vulnerable to heat. (rF-)))


Message History

You barely miss the iguana.
The iguana is almost dead.
The orc hits you but does no damage. Something hits you but does no damage.
Something bites you but does no damage. The iguana bites you.
* * * LOW HITPOINT WARNING * * *
You hit the iguana.
The iguana is almost dead.
The orc hits you but does no damage.
You hear some strange, mumbled words.
Something tries to affect you, but you resist.
The iguana bites you but does no damage.
You hit the iguana.
You kill the iguana!
The orc hits you with a +0 short sword.
* * * LOW HITPOINT WARNING * * *
Something hits you but does no damage. Something bites you.
* * * LOW HITPOINT WARNING * * *
Something draws strength from your injuries!
You closely miss something. The orc hits you but does no damage.
Something hits you but does no damage. Something bites you but does no damage.
You hit something but do no damage. The orc hits you but does no damage.
Something hits you but does no damage. Something bites you but does no damage.
You closely miss something. The orc hits you but does no damage.
Something completely misses you. Something bites you!
* * * LOW HITPOINT WARNING * * *
Something draws strength from your injuries!
You hit something. The orc hits you but does no damage. Something hits you.
* * * LOW HITPOINT WARNING * * *
Something bites you!
* * * LOW HITPOINT WARNING * * *
Something draws strength from your injuries!
You slash something!
You feel a little less agile now. The orc hits you but does no damage.
Something hits you but does no damage. Something bites you but does no damage.
You closely miss something. The orc hits you but does no damage.
Something hits you.
* * * LOW HITPOINT WARNING * * *
Something bites you.
You die...

#. . .......##
.##... .##.. #...##
....# .... #....
##..## #..# ##.###
.....## #..# ##...##
#....###..###....#.
#..#..........#..#.
#.#..........#..#.
#♣{.###..###....#.
#.o## #..# ##...#.
#......## ##..##
##.##. ####...#
##....####.##.
#....##..##..##..##.
#.................#
#...............###
#####.....!.....#
#....#........


You could see an orc.

Vanquished Creatures
  A komodo dragon (D:7)
  Prince Ribbit (D:5)
  Sigmund (D:2)
  A wyvern (D:7)
  2 ice beasts (D:5)
  2 black bears (D:6)
  An ogre (D:5)
  A phantom (D:5)
  A kobold brigand (D:7)
  A bullfrog (D:5)
  A scorpion (D:6)
  A howler monkey (D:4)
  3 hounds
  4 orc priests
  Crazy Yiuf (D:5)
  7 iguanas
  4 orc wizards
  8 adders
  A shadow imp (D:6)
  3 white imps
  An ufetubus (D:4)
  6 dart slugs
  19 orcs
  5 endoplasms
  5 giant cockroaches
  A goblin (D:2)
  5 hobgoblins
  A jackal (D:1)
  5 quokkas
  4 ball pythons
  3 bats
  9 frilled lizards
  3 kobolds
112 creatures vanquished.

Notes
Turn   | Place    | Note
-------+----------+-------------------------------------------
     0 | D:1      | Destapler the Demonspawn Wanderer began the quest for the
                  | Orb.
     0 | D:1      | Destapler set off with the following items: a +2 falchion,
                  | 9 poisoned darts, a +0 dagger, a scroll of vulnerability, a
                  | +0 robe; and the following spell memorised: Slow; and the
                  | following spells available to memorise: Confusing Touch.
     0 | D:1      | Reached XP level 1. HP: 15/15 MP: 2/2
   802 | D:2      | Gained mutation: You are partially covered in large bone
                  | plates. (SH +4) [demonic ancestry]
   802 | D:2      | Reached XP level 2. HP: 18/21 MP: 3/3
   875 | D:2      | Gained mutation: You sometimes gain a little power by
                  | taking damage. [demonic ancestry]
   875 | D:2      | Reached XP level 3. HP: 25/26 MP: 5/5
   920 | D:2      | Noticed Sigmund
   922 | D:2      | Found a faded altar of an unknown god.
   937 | D:2      | Killed Sigmund
   938 | D:2      | Reached skill level 1 in Dodging
   938 | D:2      | Gained mutation: You are mostly covered in large bone
                  | plates. (SH +6) [demonic ancestry]
   938 | D:2      | Reached XP level 4. HP: 16/34 MP: 5/7
   938 | D:2      | Reached XP level 5. HP: 19/40 MP: 5/8
  1173 | D:2      | You fall into a shaft and drop 1 floor!
  1186 | D:3      | Found Joapeic's Vocational Training.
  1888 | D:3      | Found a hide-covered altar of Uskayaw.
  2253 | D:4      | Gained mutation: You have large cloven feet. [demonic
                  | ancestry]
  2253 | D:4      | Reached XP level 6. HP: 24/47 MP: 9/9
  2629 | D:4      | Found a stormy altar of Qazlal.
  2901 | D:5      | Entered Level 5 of the Dungeon
  2910 | D:5      | Gained mutation: You are vulnerable to heat. (rF-) [potion
                  | of mutation]
  3114 | D:5      | Noticed an ice beast
  3186 | D:5      | Killed an ice beast
  3187 | D:5      | Reached skill level 5 in Long Blades
  3261 | D:5      | Gained mutation: You have hoof-like feet. [demonic
                  | ancestry]
  3261 | D:5      | Reached XP level 7. HP: 42/52 MP: 10/10
  3307 | D:5      | Noticed Prince Ribbit
  3322 | D:5      | HP: 1/52 [Prince Ribbit (11)]
  3344 | D:5      | HP: 1/52 [Prince Ribbit (6)]
  4694 | D:5      | Killed Prince Ribbit
  4695 | D:5      | Reached XP level 8. HP: 48/60 MP: 8/12
  4940 | D:5      | Found a runed translucent door.
  4941 | D:5      | Noticed Crazy Yiuf
  4948 | D:5      | Killed Crazy Yiuf
  5596 | D:6      | Found a blossoming altar of Fedhas.
  5858 | D:6      | Reached skill level 5 in Fighting
  6574 | D:7      | Found Myesh's Assorted Antiques.
  6612 | D:7      | Noticed a komodo dragon
  6627 | D:7      | Killed a komodo dragon
  6628 | D:7      | Reached skill level 5 in Dodging
  6631 | D:7      | Gained mutation: You regenerate a little health from kills.
                  | [demonic ancestry]
  6631 | D:7      | Reached XP level 9. HP: 69/69 MP: 15/15
  6884 | D:7      | HP: 5/103 [something (10)]
  6886 | D:7      | HP: 2/103 [something (4)]
  6886 | D:7      | Slain by a vampire

Illustrated notes

Levels and vault maps discovered:
D:1:      grunt_arrival_crossed_arrows, layout_loops_ring, minivault_14,
          st_stairs_8
D:2:      layout_basic, chequers_ecumenical_altar_simple_redux, uniq_sigmund
D:3:      layout_rooms, zin_academy, mainiacjoe_overflow_brackets,
          nicolae_shop_vocational
D:4:      layout_loops_ring, mainiacjoe_overflow_alcove_2,
          dreamdust_princess_bridge
D:5:      layout_gridville, uniq_prince_ribbit1, uniq_crazy_yiuf_cottage
D:6:      layout_loops_ring, mainiacjoe_overflow_small_starburst,
          kennysheep_mini_moat, minmay_lizard_king
D:7:      layout_basic, trog_book, mainiacjoe_overflow_six_doors_small,
          minmay_temple_entry_butterflies, serial_shops,
          nicolae_shop_behind_doors, nicolae_lakefront_shop,
          nicolae_shop_real_fake_doors, shop, nicolae_book_shop_shelving,
          palyth_stone_intersect, minmay_fractal_squares_5, uniq_duvessa

Skill      XL: |  1  2  3  4  5  6  7  8  9 |
---------------+----------------------------+-----
Fighting       | 2 3 4 5 6 |  6.0
Long Blades    | 3 5 6 |  6.0
Armour         | 2 |  2.0
Dodging        | 1 2 3 5 |  5.8
Stealth        | 2 |  2.0
Spellcasting   | 2 3 4 |  4.0
Hexes          | 4 |  4.0
Throwing       | |  1.0

Action                     |  1- 3 |  4- 6 |  7- 9 || total
---------------------------+-------+-------+-------++-------
  Melee: Falchion          |    52 |   173 |   304 ||   529
         Punch             |     1 |     3 |     2 ||     6
         Kick              |       |    11 |    77 ||    88
  Throw: Dart              |     8 |     5 |    39 ||    52
   Cast: Slow              |     3 |     9 |    29 ||    41
  Evoke: Wand              |       |       |     1 ||     1
    Use: Potion            |     2 |     2 |     2 ||     6
         Scroll            |       |    10 |     1 ||    11
   Stab: Sleeping          |     1 |     4 |     2 ||     7
         Paralysed         |       |       |     6 ||     6
 Armour: Robe              |     8 |    41 |    61 ||   110
         Skin              |     5 |    20 |    45 ||    70
  Dodge: Dodged            |    25 |    87 |   165 ||   277
  Block: Other             |     2 |    48 |    93 ||   143
